 Dungeon Crawl Stone Soup version 0.31-a0-1522-g43313d8a59 (webtiles) character file.

Game seed: 16331399071868884821

11376 Alypsies the Cruncher (level 11, -10/93 HPs)
             Began as a Green Draconian Shapeshifter on Dec 30, 2023.
             Was a Follower of Yredelemnul.
             Mangled by an orc warlord
             ... wielding a +3 halberd of protection
              (31 damage)
             ... on level 1 of the Orcish Mines on Dec 31, 2023.
             The game lasted 01:14:24 (12285 turns).

Alypsies the Cruncher (DrSh)                       Turns: 12285, Time: 01:14:24

Health: -10/93     AC: 11    Str: 20    XL:     11   Next: 48%
Magic:  14/14      EV: 14    Int: 13    God:    Yredelemnul [*.....]
Gold:   537        SH:  0    Dex: 12    Spells: 9/14 levels left

rFire   . . .        p - +9 lajatang of Eheif {speed, rC- rN++ Int+3 Stlth+}
rCold   x . .        (shield currently unavailable)
rNeg    + + .        (body armour unavailable)
rPois   +            (helmet currently unavailable)
rElec   .            M - melded scarf {rC+ rF+}
rCorr   .            I - melded +1 pair of gloves of Bichogirog {rPois rN+ Will+}
SInv    .            (boots currently unavailable)
Will    .....        y - amulet of magic regeneration
Stlth   ++++         D - +4 ring of protection
HPRegen 0.35/turn    (no ring)
MPRegen 0.54/turn

%: no passive effects
@: beast-form, studying Throwing
A: beast (slay +3), breathe noxious fumes, AC +7, unfitting armour, poison
resistance, cold-blooded
a: Breathe Noxious Fumes, Begin Untransformation, Renounce Religion, Recall
Undead Harvest


You were on level 1 of the Orcish Mines.
You worshipped Yredelemnul.
Yredelemnul was noncommittal.
You were a hulking beast.
You visited 2 branches of the dungeon, and saw 11 of its levels.

You collected 777 gold pieces.
You spent 240 gold pieces at shops.

Inventory:

Hand Weapons
 l - a +0 rapier of electrocution
 o - a +0 falchion
 p - the +9 lajatang of Eheif (weapon) {speed, rC- rN++ Int+3 Stlth+}
   (You found it on level 2 of the Dungeon)

   Int+3:     It affects your intelligence (+3).
   rC-:       It makes you vulnerable to cold.
   rN++:      It greatly protects you from negative energy.
   Stlth+:    It makes you more stealthy.
 u - a +1 falchion of flaming
 w - a +1 spectral rapier
 C - a +0 club
 G - the +7 sling "Wamodd" {freeze, Dex+3}
   (You found it on level 7 of the Dungeon)

   Dex+3:     It affects your dexterity (+3).
 N - a +0 heavy shortbow
 P - a +0 flail
 Q - a +3 great sword
Armour
 g - a +2 robe of cold resistance
 j - a +1 hat
 r - a +0 pair of gloves
 B - a +0 kite shield
 H - the orb "Yxam Voa" {mayhem, rElec rC+ Str+3 Slay+3}
   (You acquired it on level 10 of the Dungeon)

   Str+3:     It affects your strength (+3).
   Slay+3:    It affects your accuracy & damage with ranged weapons and melee
   (+3).
   rC+:       It protects you from cold.
   rElec:     It insulates you from electricity.
 I - the +1 pair of gloves of Bichogirog (melded) {rPois rN+ Will+}
   (You found it on level 7 of the Dungeon)

   rPois:     It protects you from poison rN+: It protects you from negative
   energy.
   Will+:     It increases your willpower.
 K - a +0 helmet
 M - a scarf of resistance (melded)
Jewellery
 y - an amulet of magic regeneration (around neck)
 D - a +4 ring of protection (left hand)
Talismans
 b - a beast talisman (active)
 c - a flux talisman
 v - a blade talisman
Wands
 a - a wand of polymorph (4)
 n - a wand of flame (30)
Scrolls
 h - 2 scrolls of enchant weapon
 k - 3 scrolls of blinking
 q - a scroll of brand weapon
 s - a scroll of noise
 t - a scroll of fog
 x - 3 scrolls of teleportation
 E - a scroll of revelation
 J - a scroll of fear
 L - a scroll of poison
 O - a scroll of silence {unknown}
 R - a scroll of enchant armour {unknown}
Potions
 d - 2 potions of might {unknown}
 e - 2 potions of haste
 f - 6 potions of curing
 i - a potion of attraction {unknown}
 m - a potion of degeneration {unknown}
 z - a potion of brilliance {unknown}
 A - 2 potions of enlightenment
 F - a potion of magic {unknown}


   Skills:
 + Level 7.7 Fighting
 + Level 11.9 Staves
 + Level 6.4 Dodging
 + Level 4.7 Stealth
 + Level 5.2 Unarmed Combat
 + Level 2.1 Spellcasting
 + Level 0.9 Conjurations
 + Level 1.5 Ice Magic
 + Level 1.3 Air Magic
 + Level 2.1 Evocations
 + Level 6.2 Shapeshifting


You had 9 spell levels left.
You knew the following spells:

 Your Spells              Type           Power      Damage    Failure   Level
a - Shock                 Conj/Air       16%        1d4       16%         1
b - Freeze                Ice            20%        1d4       13%         1
c - Call Canine Familiar  Summ           1%         N/A       58%         3

Your spell library contained the following spells:

 Spells                   Type           Power      Damage    Failure   Level
 Sting                    Conj/Alch      8%         1d3       22%         1
 Mercury Vapours          Alch/Air       6%         N/A       28%         2
 Momentum Strike          Conj/Tloc      4%         3d8       32%         2
 Blink                    Tloc           2%         N/A       36%         2
 Jinxbite                 Hex            2%         N/A       36%         2
 Lesser Beckoning         Tloc           2%         N/A       36%         2
 Frozen Ramparts          Ice            10%        1d2       36%         3
 Hailstorm                Conj/Ice       4%         3d5       41%         3
 Swiftness                Air            4%         N/A       41%         3
 Mephitic Cloud           Conj/Alch/Air  3%         N/A       50%         3
 Dazzling Flash           Conj/Hex       4%         N/A       54%         3
 Inner Flame              Hex/Fire       1%         N/A       58%         3
 Sigil of Binding         Hex            1%         N/A       58%         3
 Tukima's Dance           Hex            1%         N/A       58%         3
 Airstrike                Air            2%         2d(1-17)  82%         4
 Flame Wave               Conj/Fire      2%         2d4       91%         4
 Dimensional Bullseye     Hex/Tloc       0%         N/A       94%         4
 Olgreb's Toxic Radiance  Alch           1%         N/A       94%         4
 Passage of Golubria      Tloc           1%         N/A       94%         4
 Sticky Flame             Fire/Alch      1%         2d4       94%         4
 Silence                  Hex/Air        1%         N/A       99%         5
 Curse of Agony           Necr           1%         N/A       100%        5
 Yara's Violent Unravell  Hex/Alch       0%         3d3       100%        5
 Enfeeble                 Hex            0%         N/A       100%        7


Dungeon Overview and Level Annotations

Branches:
Dungeon (10/15)            Temple (0/1) D:7            Lair (0/5) D:10
    Orc (1/2) D:10

Altars:
Dithmenos
Elyvilon
Okawaru
Qazlal
Ru
Xom
Yredelemnul
The Shining One

Shops:
D:4 (   D:5 :(


Innate Abilities, Weirdness & Mutations

You are a hulking beast.
Your limbs bulge with bestial killing power. (Slay +3)
You can breathe blasts of noxious fumes.
Your lurid green scales are hard. (AC +7)
You cannot fit into any form of body armour.
Your system is resistant to poisons. (rPois)
You are cold-blooded and may be slowed by cold attacks.


Message History

You hear a shout!
Aiming: Throw Flame
Press: ? - help, Q - select action, (/) - cycle Shift-Dir - straight line, f - orc
Aim: an orc, wielding a +0 morningstar and wearing a +0 ring mail (strong, 75% to hit)
The puff of flame hits the orc!
You kill the orc!
An orc comes into view. It is wielding a +0 club.
The orc priest mumbles some strange prayers to Beogh against you.
Beogh smites you!
The orc warrior hits you but does no damage.
Aiming: Throw Flame
Press: ? - help, Q - select action, (/) - cycle Shift-Dir - straight line, f - orc warlord
Aim: an orc warlord, wielding a +3 halberd of protection and wearing a +1 chain mail of poison resistance (ally target, 79% to hit)
The puff of flame hits the orc warlord but does no damage.
Your ogre zombie hits the orc warlord but does no damage.
The orc warrior hits you from afar with a +0 glaive!
The orc warlord hits you from afar with a +3 halberd of protection!
You completely miss the orc. You slice the orc!!
You kill the orc!
The orc warlord barely misses you.
A magic dart appears from out of your range of vision.
The orc warrior shoots an arrow.
The arrow hits you.
Welcome back, Alypsies the Green Draconian Shapeshifter.
Yredelemnul says: Carry the black torch!
Rouse the idle dead!
Press ? for a list of commands and other information.
Aiming: Throw Flame
Press: ? - help, Q - select action, (/) - cycle Shift-Dir - straight line, f - orc warrior
Aim: an orc warrior, wielding a +0 orcbow and wearing a +0 plate armour (lightly wounded, strong, 71% to hit)
The puff of flame hits the orc warrior!
The orc warrior is moderately wounded.
Your ogre zombie hits the orc warlord but does no damage.
The orc warlord hits you from afar with a +3 halberd of protection!!
The orc warrior shoots an arrow.
The arrow hits you!
* * * LOW HITPOINT WARNING * * *
The orc knight roars a battlecry!
The orc warlord goes into a battle-frenzy!
The orc warlord hits you from afar with a +3 halberd of protection!!
You die...
Your body rises from the dead as a mindless zombie.

,,,,,,,#....).........#..####
,,,.....#.^...............###
,,,.............#....##..####
,,,..............#.#.#.######
,,,.............#.......#####
,,,............#.#.#.#...##
,,,................##.....#
,,,>..........Z.....##.#.##
,,,,,,.$......#.h...######
,,,,,,.......o#Z....#*
,,,,,,,,,...{oo[)....#
,,,,,,,,,...ooooo#..##
,,,,,,,,,.).#oo.....#*****
,,,,,,,,,....o.......#*,,**
*,**,,,,,..............,,,*
*,***,*,,......#........,**
,,,***,,,#........#.#..#**


You could see an orc warlord (strong, ally target), an orc knight (strong), 2
orc warriors, an orc priest (strong), an orc wizard (strong), 4 orcs and 2
friendly ogre zombies.

Vanquished Creatures
  2 two-headed ogres (D:8)
  A gargoyle (D:10)
  An unseen horror (D:10)
  Prince Ribbit (D:5)
  A wraith (D:10)
  A wyvern (D:10)
  19 yaks
  Eustachio (D:6)
  A warg (D:10)
  Grum (D:10)
  Duvessa (D:7)
  A water moccasin (D:7)
  6 orc warriors
  2 black bears (D:5)
  An ice beast (D:5)
  5 ogres
  4 wolves (D:10)
  4 centaurs
  3 phantoms
  5 kobold brigands
  Blork the orc (D:5)
  2 bullfrogs (D:9)
  A scorpion (D:5)
  Dowan (D:7)
  2 wights (D:10)
  4 killer bees (D:8)
  A howler monkey (D:9)
  A bombardier beetle (D:5)
  4 hounds
  5 orc priests
  6 iguanas
  A sleepcap (D:5)
  Jessica (D:3)
  Ijyb (D:3)
  Terence (D:2)
  10 orc wizards
  5 adders
  A white imp (D:4)
  5 dart slugs
  2 ribbon worms
  52 orcs
  2 endoplasms (D:4)
  3 giant cockroaches
  6 goblins
  8 hobgoblins
  7 jackals
  22 kobolds
  5 quokkas
  4 ball pythons
  6 bats
  13 frilled lizards
  An orc zombie (D:7)
  9 rats
254 creatures vanquished.

Vanquished Creatures (collateral kills)
  A two-headed ogre (D:10)
  5 yaks (D:10)
  An ogre (Orc:1)
  A wolf (D:10)
  A wight (D:10)
  A howler monkey (D:10)
  An orc priest (D:7)
  A jelly (D:7)
  2 orc wizards
  A white imp (D:6)
  5 orcs
  8 kobolds
28 creatures vanquished.

Vanquished Creatures (others)
  An unseen horror zombie (D:10)
  4 yak zombies (D:10)
  3 wolf zombies (D:10)
  3 centaur zombies
  4 killer bee zombies (D:8)
  8 kobold zombies
  15 orc zombies
38 creatures vanquished.

Grand Total: 320 creatures vanquished

Notes
Turn   | Place    | Note
-------+----------+-------------------------------------------
     0 | D:1      | Alypsies the Draconian Shapeshifter began the quest for the
                  | Orb.
     0 | D:1      | Reached XP level 1. HP: 16/16 MP: 1/1
    33 | D:1      | Upgraded the game from 0.31-a0-1499-ge0622b2318 to
                  | 0.31-a0-1522-g43313d8a59
   263 | D:1      | Reached XP level 2. HP: 23/23 MP: 2/2
  1251 | D:2      | Reached XP level 3. HP: 27/28 MP: 3/3
  1331 | D:2      | Noticed Terence
  1346 | D:2      | Killed Terence
  1455 | D:2      | Reached XP level 4. HP: 35/35 MP: 4/4
  1997 | D:2      | Identified the +9 lajatang of Eheif {speed, rC- rN++ Int+3
                  | Stlth+}
  2305 | D:3      | Learned a level 1 spell: Shock
  2431 | D:3      | Found a white marble altar of Elyvilon.
  2710 | D:3      | Noticed Ijyb
  2720 | D:3      | Killed Ijyb
  2721 | D:3      | Reached skill level 1 in Staves
  2721 | D:3      | Reached XP level 5. HP: 39/41 MP: 5/5
  2753 | D:3      | Found an iron altar of Okawaru.
  2753 | D:3      | Noticed Jessica
  2760 | D:3      | Killed Jessica
  3196 | D:3      | Reached skill level 2 in Staves
  3542 | D:4      | Reached skill level 1 in Stealth
  3544 | D:4      | Reached XP level 6. HP: 48/49 MP: 6/6
  3656 | D:4      | Found Dycwukh's Antique Weapon Shop.
  3693 | D:4      | Reached skill level 3 in Staves
  4128 | D:5      | Entered Level 5 of the Dungeon
  4167 | D:5      | Noticed an ice beast
  4172 | D:5      | Killed an ice beast
  4173 | D:5      | Reached skill level 4 in Staves
  4213 | D:5      | Your scales start taking on a lurid green colour.
  4213 | D:5      | Reached XP level 7. HP: 48/57 MP: 7/7
  4213 | D:5      | Gained mutation: Your system is resistant to poisons.
                  | (rPois) [Green Draconian growth]
  4244 | D:5      | Reached skill level 5 in Staves
  4560 | D:5      | Found a shadowy altar of Dithmenos.
  4584 | D:5      | Reached skill level 6 in Staves
  4612 | D:5      | Noticed Prince Ribbit
  4617 | D:5      | Killed Prince Ribbit
  4618 | D:5      | Reached XP level 8. HP: 62/66 MP: 8/8
  4699 | D:5      | Reached skill level 7 in Staves
  4758 | D:5      | Found Xuriplar's Book Emporium.
  4776 | D:5      | Bought a book of Frost for 240 gold pieces
  4778 | D:5      | Learned a level 1 spell: Freeze
  4853 | D:5      | Noticed Blork the orc
  4865 | D:5      | Killed Blork the orc
  5008 | D:5      | Found Itoxailur's Antique Weapon Shoppe.
  5684 | D:6      | Reached skill level 5 in Fighting
  5796 | D:6      | Noticed Eustachio
  5806 | D:6      | Killed Eustachio
  5807 | D:6      | Reached skill level 8 in Staves
  6026 | D:6      | Found a basalt altar of Yredelemnul.
  6051 | D:6      | Became a worshipper of Yredelemnul the Dark
  6115 | D:6      | Found a stormy altar of Qazlal.
  6175 | D:6      | Reached * piety under Yredelemnul
  6766 | D:7      | Reached XP level 9. HP: 74/74 MP: 9/9
  7036 | D:7      | Found a staircase to the Ecumenical Temple.
  7145 | D:7      | Identified the +7 sling "Wamodd" {freeze, Dex+3}
  7210 | D:7      | Reached skill level 9 in Staves
  7366 | D:7      | Identified the +1 pair of gloves of Bichogirog {rPois rN+
                  | Will+}
  7474 | D:7      | Noticed Duvessa
  7474 | D:7      | Noticed Dowan
  7477 | D:7      | Killed Duvessa
  7480 | D:7      | Killed Dowan
  7896 | D:8      | Reached skill level 1 in Evocations
  8118 | D:8      | Noticed a two-headed ogre
  8130 | D:8      | Killed a two-headed ogre
  8285 | D:8      | Noticed a two-headed ogre
  8292 | D:8      | Killed a two-headed ogre
  8293 | D:8      | Reached skill level 10 in Staves
  8293 | D:8      | Reached XP level 10. HP: 41/84 MP: 10/10
  9223 | D:9      | Reached skill level 5 in Dodging
  9383 | D:9      | Learned a level 3 spell: Call Canine Familiar
  9447 | D:9      | Found a sacrificial altar of Ru.
  9448 | D:9      | Reached ** piety under Yredelemnul
  9449 | D:9      | Reached skill level 1 in Air Magic
  9477 | D:9      | Reached skill level 5 in Shapeshifting
  9559 | D:9      | Found a glowing golden altar of the Shining One.
  9563 | D:9      | Found a shimmering altar of Xom.
  9579 | D:9      | Reached skill level 1 in Spellcasting
  9587 | D:9      | Reached skill level 1 in Ice Magic
  9772 | D:10     | Entered Level 10 of the Dungeon
  9776 | D:10     | Identified a scroll of acquirement
  9777 | D:10     | Acquired the orb "Yxam Voa" {mayhem, rElec rC+ Str+3
                  | Slay+3}
  9995 | D:10     | Found a staircase to the Orcish Mines.
 10543 | D:10     | Reached skill level 11 in Staves
 10543 | D:10     | Reached skill level 5 in Unarmed Combat
 10635 | D:10     | Reached *** piety under Yredelemnul
 10647 | D:10     | Reached XP level 11. HP: 82/92 MP: 14/14
 10677 | D:10     | Noticed a two-headed ogre
 10689 | D:10     | Killed a two-headed ogre
 10796 | D:10     | Noticed Grum
 10808 | D:10     | Killed Grum
 10809 | D:10     | Reached **** piety under Yredelemnul
 11121 | D:10     | Reached ***** piety under Yredelemnul
 11657 | D:10     | Found a staircase to the Lair.
 12207 | Orc:1    | Entered Level 1 of the Orcish Mines
 12273 | Orc:1    | Noticed an orc warlord
 12276 | Orc:1    | Noticed an orc knight
 12285 | Orc:1    | Mangled by an orc warlord

Illustrated notes

Levels and vault maps discovered:
D:1:      kennysheep_arrival_forest, layout_basic
D:2:      layout_rooms, guppyfry_early_orc_mine, uniq_terence
D:3:      layout_basic, elyvilon_altar_1,
          hellmonk_okawaru_the_only_friend_you_need, minmay_lizard_king,
          uniq_ijyb, uniq_jessica
D:4:      layout_loops_ring, marbit_many_paths, serial_shops,
          nicolae_shop_peninsula
D:5:      layout_gridville, nicolae_overflow_crystal_walls, serial_shops,
          nicolae_shop_tiny_real_fake_doors, shop, uniq_blork_the_orc,
          uniq_prince_ribbit1
D:6:      layout_layer_cave, mainiacjoe_overflow_chevrons,
          mainiacjoe_overflow_small_starburst, uniq_eustachio
D:7:      layout_basic, minmay_temple_entry_arrows, uniq_duvessa
D:8:      layout_rooms, serial_aquarium, aquarium_bridge_square
          [aquarium_subvault_wall, aquarium_subvault_bridge,
          aquarium_subvault_window, aquarium_subvault_wall],
          aquarium_bridge_square [aquarium_subvault_wall,
          aquarium_subvault_bridge, aquarium_subvault_wall,
          aquarium_subvault_window], aquarium_window_2, aquarium_window_2,
          aquarium_window_1, aquarium_window_1, aquarium_view_2d,
          aquarium_view_2b, aquarium_balcony_3a, aquarium_pool_S,
          dk_rats_in_the_wall
D:9:      layout_rooms, mainiacjoe_overflow_catch_the_wave,
          nicolae_ru_awakened_eye
D:10:     layout_stronghold, erik_lair_orcish_takeover, david_orc_2,
          kennysheep_crisscross, st_stairs_14, uniq_grum
Orc:1:    layout_caves

Skill      XL: |  1  2  3  4  5  6  7  8  9 10 11 |
---------------+----------------------------------+-----
Dodging        | 2 3 4 5 6 |  6.4
Unarmed Combat | 4 5 |  5.2
Staves         | 1 2 4 6 8 10 11 | 11.9
Fighting       | 2 3 4 5 6 7 |  7.7
Stealth        | 1 2 3 4 |  4.7
Shapeshifting  | 4 5 6 |  6.2
Evocations     | 1 2 |  2.1
Air Magic      | 1 |  1.3
Spellcasting   | 2 |  2.1
Ice Magic      | 1 |  1.5
Conjurations   | |  0.9

Action                     |  1- 3 |  4- 6 |  7- 9 | 10-12 || total
---------------------------+-------+-------+-------+-------++-------
  Melee: Unarmed           |    68 |    25 |       |    45 ||   138
         Tailslap          |     8 |    14 |    22 |    24 ||    68
         Punch             |     3 |     2 |       |       ||     5
         Lajatang          |       |   146 |   179 |   131 ||   456
   Cast: Shock             |       |       |     2 |     8 ||    10
         Freeze            |       |       |       |     7 ||     7
Ability: Breathe Noxious F |       |       |     1 |       ||     1
  Evoke: Wand              |       |       |     6 |    18 ||    24
    Use: Scroll            |       |       |     8 |     6 ||    14
         Potion            |       |       |     5 |     3 ||     8
   Stab: Sleeping          |       |     1 |     2 |     1 ||     4
         Distracted        |       |       |       |     1 ||     1
 Armour: Skin              |    47 |    92 |   101 |   183 ||   423
  Dodge: Dodged            |    49 |   102 |   111 |   165 ||   427
   Form: Beast             |     1 |     1 |     2 |     3 ||     7
         Blade             |       |     1 |       |     2 ||     3
                           |       |       |     2 |     1 ||     3
         Flux              |       |       |       |     1 ||     1

Table legend: (Time is in decaauts)
 A = Elapsed time spent in this place.
 B = Non-inter-level travel time spent in this place.
 C = Inter-level travel time spent in this place.
 D = Time resting spent in this place.
 E = Time spent auto-exploring this place.
 F = Levels seen in this place.
 G = Mean time per level.
                   A        B        C        D        E       F      G
               +--------+--------+--------+--------+--------+-----+--------+
         Total |  12141 |  11536 |    605 |   2266 |      0 |  11 | 1103.7 |
       Dungeon |  12067 |  11462 |    605 |   2266 |      0 |  10 | 1206.7 |
  Orcish Mines |     74 |     74 |      0 |      0 |      0 |   1 |   74.0 |
               +--------+--------+--------+--------+--------+-----+--------+

Top non-repeatable levels by time:
    D:10: 2408 daAuts
     D:6: 1370 daAuts
     D:3: 1304 daAuts
     D:5: 1281 daAuts
     D:8: 1177 daAuts
     D:1: 1154 daAuts
     D:7: 970 daAuts
     D:2: 862 daAuts
     D:4: 784 daAuts
     D:9: 753 daAuts
   Orc:1: 74 daAuts
